PBL
ROSWELL INVADERS @ MADISON BREWERS
07/29/2048
 
TOP OF THE 1ST
Roswell Invaders batting - Pitching for Madison Brewers : RHP Heraclio Sosa
Pitching: RHP Heraclio Sosa
Batting: LHB Jalen Williams 0-0: Ball
1-0: Fly out, F7 (Line Drive, 7, EV 109.4 MPH)
Batting: RHB Shing Mah 0-0: Ball
1-0: Called Strike
1-1: Ball
2-1: Ball
3-1: Called Strike
3-2: Foul Ball, location: 2F
3-2: Fly out, F7 (Flyball, 7, EV 95.0 MPH)
Batting: LHB Ivan Cortez 0-0: Fly out, F8 (Flyball, 8LS, EV 90.0 MPH)
Top of the 1st over - 0 runs, 0 hits, 0 errors, 0 left on base; Roswell 0 - Madison 0
BOTTOM OF THE 1ST
Madison Brewers batting - Pitching for Roswell Invaders : RHP Toshihiro Nagao
Pitching: RHP Toshihiro Nagao
Batting: LHB Andy Buschlen 0-0: Swinging Strike
0-1: Ball
1-1: Ball
2-1: Ball
3-1: Called Strike
3-2: SOLO HOME RUN (Flyball, 78XD, EV 108.1 MPH), Distance : 417 ft
Batting: LHB Jose Simental 0-0: Swinging Strike
0-1: Ball
1-1: Ball
2-1: Ground out U3 (Groundball, 13, EV 82.5 MPH)
Batting: LHB Bill Kovac 0-0: Swinging Strike
0-1: Fly out, F8 (Line Drive, 8LD, EV 90.0 MPH)
Batting: RHB Jelani Griffin 0-0: SOLO HOME RUN (Flyball, 78XD, EV 106.2 MPH), Distance : 414 ft
Batting: LHB Tony Hasbun 0-0: Swinging Strike
0-1: Ball
1-1: Called Strike
1-2: DOUBLE (Flyball, 7LD, EV 102.5 MPH)
Batting: LHB Fumito Sakurai 0-0: SINGLE (Groundball, 56S, EV 66.9 MPH) (infield hit)
Tony Hasbun to third
Batting: RHB Steve Brock 0-0: Called Strike
0-1: Swinging Strike
0-2: Ground out 4-3 (Groundball, 4, EV 84.4 MPH)
Bottom of the 1st over - 2 runs, 4 hits, 0 errors, 2 left on base; Roswell 0 - Madison 2
TOP OF THE 2ND
Roswell Invaders batting - Pitching for Madison Brewers : RHP Heraclio Sosa
Batting: LHB Angelo Lira 0-0: Ball
1-0: Ball
2-0: Called Strike
2-1: Foul Ball, location: 2F
2-2: Strikes out looking
Batting: RHB Drew Sigona 0-0: Called Strike
0-1: Called Strike
0-2: Ball
1-2: Strikes out swinging
Batting: RHB Jason Hanson 0-0: Ball
1-0: Ball
2-0: Called Strike
2-1: Foul Ball, location: 2F
2-2: Ball
3-2: Strikes out swinging
Top of the 2nd over - 0 runs, 0 hits, 0 errors, 0 left on base; Roswell 0 - Madison 2
BOTTOM OF THE 2ND
Madison Brewers batting - Pitching for Roswell Invaders : RHP Toshihiro Nagao
Batting: RHB Dave Guevara 0-0: Ball
1-0: Ball
2-0: Ground out 5-3 (Groundball, 56S, EV 86.2 MPH)
Batting: RHB Kelan Rae 0-0: Foul Ball, location: 2F
0-1: SINGLE (Groundball, 56D, EV 100.6 MPH)
Batting: LHB Andy Buschlen 0-0: Ball
1-0: SINGLE (Groundball, 56S, EV 65.6 MPH) (infield hit)
Kelan Rae to second
Batting: LHB Jose Simental 0-0: Ball
1-0: Ball
2-0: Called Strike
2-1: Ball
3-1: Called Strike
3-2: Foul Ball, location: 2F
3-2: Foul Ball, location: 2F
3-2: Foul Ball, location: 2F
3-2: Base on Balls
Kelan Rae to third
Andy Buschlen to second
Batting: LHB Bill Kovac 0-0: Called Strike
0-1: Fielders Choice at 2nd, 3-6 (Groundball, 34S, EV 84.4 MPH)
Kelan Rae scores
Andy Buschlen to third
Batting: RHB Jelani Griffin 0-0: Called Strike
0-1: Ball
1-1: Called Strike
1-2: Ball
2-2: SINGLE (Line Drive, 4D, EV 99.4 MPH)
Andy Buschlen scores
Bill Kovac to second
Runner from 2nd tries for 3rd, SAFE, throw by CF made to third
Batting: LHB Tony Hasbun 0-0: Ball
1-0: Ground out U3 (Groundball, 3L, EV 83.1 MPH)
Bottom of the 2nd over - 2 runs, 3 hits, 0 errors, 2 left on base; Roswell 0 - Madison 4
TOP OF THE 3RD
Roswell Invaders batting - Pitching for Madison Brewers : RHP Heraclio Sosa
Batting: LHB Adam Spence 0-0: Foul Ball, location: 2F
0-1: Ground out 4-3 (Groundball, 4, EV 83.8 MPH)
Batting: RHB Shinichi Miyamoto 0-0: Called Strike
0-1: Ball
1-1: Ball
2-1: Ball
3-1: Foul Ball, location: 2F
3-2: Base on Balls
Batting: SHB Sandy Burke 0-0: Hit by Pitch
Shinichi Miyamoto to second
Batting: LHB Jalen Williams 0-0: Called Strike
0-1: Foul Ball, location: 2F
0-2: Fly out, F9 (Line Drive, 89M, EV 84.4 MPH)
Batting: RHB Shing Mah 0-0: Foul Ball, location: 2F
0-1: Called Strike
0-2: Strikes out swinging
Top of the 3rd over - 0 runs, 0 hits, 0 errors, 2 left on base; Roswell 0 - Madison 4
BOTTOM OF THE 3RD
Madison Brewers batting - Pitching for Roswell Invaders : RHP Toshihiro Nagao
Batting: LHB Fumito Sakurai 0-0: Called Strike
0-1: Foul Ball, location: 2F
0-2: Ball
1-2: Ball
2-2: Ground out 6-3 (Groundball, 6, EV 93.8 MPH)
Batting: RHB Steve Brock 0-0: Called Strike
0-1: Ball
1-1: Ball
2-1: Called Strike
2-2: Ball
3-2: Base on Balls
Batting: RHB Dave Guevara 0-0: Ball
1-0: Grounds into double play, 6-4-3 (Groundball, 56, EV 104.4 MPH)
Bottom of the 3rd over - 0 runs, 0 hits, 0 errors, 0 left on base; Roswell 0 - Madison 4
TOP OF THE 4TH
Roswell Invaders batting - Pitching for Madison Brewers : RHP Heraclio Sosa
Batting: LHB Ivan Cortez 0-0: Ball
1-0: Ball
2-0: Ball
3-0: Called Strike
3-1: Base on Balls
Batting: LHB Angelo Lira 0-0: Foul Ball, location: 2F
0-1: Called Strike
0-2: Foul Ball, location: 2F
0-2: Ball
1-2: Strikes out swinging
Batting: RHB Drew Sigona 0-0: Called Strike
0-1: Hit by Pitch
Ivan Cortez to second
Batting: RHB Jason Hanson 0-0: SINGLE (Groundball, 34D, EV 101.2 MPH)
Ivan Cortez to third
Drew Sigona to second
Runner from 3rd tries for Home, SAFE, throw by RF to home
Batting: LHB Adam Spence 0-0: Ball
1-0: Foul Ball, location: 2F
1-1: Grounds into double play, U6-3 (Groundball, 4MS, EV 86.9 MPH)
Top of the 4th over - 1 run, 1 hit, 0 errors, 1 left on base; Roswell 1 - Madison 4
BOTTOM OF THE 4TH
Madison Brewers batting - Pitching for Roswell Invaders : RHP Toshihiro Nagao
Batting: RHB Kelan Rae 0-0: Ball
1-0: Ball
2-0: SINGLE (Line Drive, 34D, EV 98.8 MPH)
Batting: LHB Andy Buschlen 0-0: Called Strike
0-1: Foul Ball, location: 2F
0-2: Fly out, F7 (Flyball, 7D, EV 92.5 MPH)
Batting: LHB Jose Simental 0-0: Called Strike
0-1: Ball
Wild Pitch!
Kelan Rae to second
1-1: Foul Ball, location: 2F
1-2: Hit by Pitch
Batting: LHB Bill Kovac 0-0: Called Strike
0-1: Ball
1-1: Ball
2-1: Ball
3-1: Foul Ball, location: 2F
3-2: SINGLE (Groundball, 5D, EV 105.0 MPH)
Kelan Rae to third
Jose Simental to second
Batting: RHB Jelani Griffin 0-0: Called Strike
0-1: Ball
Wild Pitch!
Kelan Rae scores
Jose Simental to third
Bill Kovac to second
1-1: Foul Ball, location: 2F
1-2: Ball
2-2: Ball
3-2: Fly out, F8 (Flyball, 89M, EV 86.9 MPH)
Runner from 3rd tags up, SCORES, throw by CF
Bill Kovac to third
Pitching: RHP Christian Jansen
Batting: LHB Tony Hasbun 0-0: Ball
1-0: Foul Ball, location: 2F
1-1: Ball
2-1: DOUBLE (Line Drive, 9LM, EV 106.2 MPH)
Bill Kovac scores
Batting: LHB Fumito Sakurai 0-0: SINGLE (Groundball, 5S, EV 71.9 MPH) (infield hit)
Tony Hasbun to third
Batting: RHB Steve Brock 0-0: Ball
1-0: Ball
2-0: Called Strike
2-1: Foul Ball, location: 2F
2-2: 3-RUN HOME RUN (Flyball, 78XD, EV 101.9 MPH), Distance : 403 ft
Batting: RHB Dave Guevara 0-0: Ball
1-0: Called Strike
1-1: Ball
2-1: SINGLE (Groundball, 4MD, EV 99.4 MPH)
Batting: RHB Kelan Rae 0-0: Ball
1-0: Ball
2-0: Called Strike
2-1: Swinging Strike
2-2: Ball
3-2: Strikes out swinging
Bottom of the 4th over - 6 runs, 6 hits, 0 errors, 1 left on base; Roswell 1 - Madison 10
TOP OF THE 5TH
Roswell Invaders batting - Pitching for Madison Brewers : RHP Heraclio Sosa
Batting: RHB Shinichi Miyamoto 0-0: Fly out, F8 (Flyball, 8LD, EV 95.0 MPH)
Batting: SHB Sandy Burke 0-0: Ball
1-0: Swinging Strike
1-1: Swinging Strike
1-2: Ball
2-2: Ball
3-2: Strikes out swinging
Batting: LHB Jalen Williams 0-0: Ball
1-0: SINGLE (Groundball, 34D, EV 96.2 MPH)
Batting: RHB Shing Mah 0-0: Called Strike
0-1: Swinging Strike
0-2: Strikes out swinging
Top of the 5th over - 0 runs, 1 hit, 0 errors, 1 left on base; Roswell 1 - Madison 10
BOTTOM OF THE 5TH
Madison Brewers batting - Pitching for Roswell Invaders : RHP Christian Jansen
Batting: LHB Andy Buschlen 0-0: Foul Ball, location: 2F
0-1: Foul Ball, location: 2F
0-2: Foul Ball, location: 2F
0-2: Ball
1-2: Foul Ball, location: 2F
1-2: Foul Ball, location: 2F
1-2: Ball
2-2: Foul Ball, location: 2F
2-2: Ball
3-2: Ground out 5-3 (Groundball, 56, EV 83.1 MPH)
Pitching: LHP Carlos Alicea
Batting: LHB Jose Simental 0-0: Ball
1-0: Called Strike
1-1: Ball
2-1: Ball
3-1: Base on Balls
Batting: LHB Bill Kovac 0-0: Ball
1-0: Ball
2-0: Ball
3-0: Called Strike
3-1: Base on Balls
Jose Simental to second
Batting: RHB Jelani Griffin 0-0: Called Strike
0-1: Ball
1-1: Ball
2-1: SINGLE (Groundball, 3D, EV 98.1 MPH)
Jose Simental to third
Bill Kovac to second
Runner from 3rd tries for Home, SAFE, throw by RF to home
Batting: LHB Tony Hasbun 0-0: Foul Ball, location: 2F
0-1: Ball
1-1: Called Strike
1-2: Ball
2-2: Ball
3-2: Base on Balls
Bill Kovac to third
Jelani Griffin to second
Batting: LHB Fumito Sakurai 0-0: Ball
1-0: Ball
2-0: Called Strike
2-1: Foul Ball, location: 2F
2-2: Fielders Choice at 2nd, 6-4 (Groundball, 6, EV 103.1 MPH)
Bill Kovac scores
Jelani Griffin to third
Batting: RHB Steve Brock 0-0: Ball
1-0: Swinging Strike
1-1: Ball
2-1: Foul Ball, location: 2F
2-2: Ball
3-2: Foul Ball, location: 2F
3-2: Foul Ball, location: 2F
3-2: Base on Balls
Fumito Sakurai to second
Batting: RHB Dave Guevara 0-0: SINGLE (Line Drive, 9S, EV 107.5 MPH)
Jelani Griffin scores
Fumito Sakurai to third
Steve Brock to second
Runner from 3rd tries for Home, SAFE, throw by RF to home
Pitching: RHP Erik Stegenga
Batting: RHB Kelan Rae 0-0: DOUBLE (Line Drive, 3D, EV 94.4 MPH)
Steve Brock scores
Dave Guevara to third
Batting: LHB Andy Buschlen 0-0: SINGLE (Line Drive, 34, EV 98.1 MPH)
Dave Guevara scores
Kelan Rae to third
Batting: LHB Jose Simental 0-0: Ball
1-0: Ball
2-0: Ball
3-0: Base on Balls
Andy Buschlen to second
Batting: LHB Bill Kovac 0-0: Ball
Wild Pitch!
Kelan Rae scores
Andy Buschlen to third
Jose Simental to second
1-0: Ground out 6-3 (Groundball, 6, EV 86.2 MPH)
Bottom of the 5th over - 7 runs, 4 hits, 0 errors, 2 left on base; Roswell 1 - Madison 17
TOP OF THE 6TH
Roswell Invaders batting - Pitching for Madison Brewers : RHP Heraclio Sosa
Batting: LHB Ivan Cortez 0-0: Ball
1-0: Called Strike
1-1: Ground out 4-3 (Groundball, 4M, EV 100.6 MPH)
Batting: LHB Angelo Lira 0-0: Ball
1-0: Foul Ball, location: 2F
1-1: Swinging Strike
1-2: Strikes out looking
Batting: RHB Drew Sigona 0-0: Ball
1-0: Ball
2-0: Called Strike
2-1: Ball
3-1: Ground out 5-3 (Groundball, 56S, EV 85.0 MPH)
Top of the 6th over - 0 runs, 0 hits, 0 errors, 0 left on base; Roswell 1 - Madison 17
BOTTOM OF THE 6TH
Madison Brewers batting - Pitching for Roswell Invaders : RHP Erik Stegenga
Batting: RHB Jelani Griffin 0-0: Ball
1-0: Ball
2-0: Foul Ball, location: 2F
2-1: Called Strike
2-2: Ball
3-2: Foul Ball, location: 2F
3-2: Strikes out swinging
Batting: LHB Tony Hasbun 0-0: Called Strike
0-1: Fly out, F8 (Flyball, 89D, EV 99.4 MPH)
Batting: LHB Fumito Sakurai 0-0: Foul Ball, location: 2F
0-1: Ball
1-1: Foul Ball, location: 2F
1-2: Foul Ball, location: 2F
1-2: Fly out, F8 (Flyball, 78M, EV 86.9 MPH)
Bottom of the 6th over - 0 runs, 0 hits, 0 errors, 0 left on base; Roswell 1 - Madison 17
TOP OF THE 7TH
Roswell Invaders batting - Pitching for Madison Brewers : RHP Heraclio Sosa
Batting: RHB Jason Hanson 0-0: SINGLE (Groundball, 6MD, EV 100.6 MPH)
Batting: LHB Adam Spence 0-0: Ball
1-0: Foul Ball, location: 2F
1-1: Fly out, F8 (Flyball, 8LS, EV 78.8 MPH)
Batting: RHB Shinichi Miyamoto 0-0: Called Strike
0-1: Swinging Strike
0-2: Ball
1-2: Foul Ball, location: 2F
1-2: Foul Ball, location: 2F
1-2: Hit by Pitch
Jason Hanson to second
Batting: SHB Sandy Burke 0-0: Ball
1-0: Swinging Strike
1-1: Called Strike
1-2: Foul Ball, location: 2F
1-2: Ball
2-2: Strikes out swinging
Batting: LHB Jalen Williams 0-0: Called Strike
0-1: Fly out, F9 (Flyball, 89S, EV 94.4 MPH)
Top of the 7th over - 0 runs, 1 hit, 0 errors, 2 left on base; Roswell 1 - Madison 17
BOTTOM OF THE 7TH
Madison Brewers batting - Pitching for Roswell Invaders : RHP Erik Stegenga
Batting: RHB Steve Brock 0-0: Foul Ball, location: 2F
0-1: Ball
1-1: Foul Ball, location: 2F
1-2: Ball
2-2: Ground out 6-3 (Groundball, 6, EV 85.0 MPH)
Pinch Hitting: LHB Jesus Huante 0-0: Called Strike
0-1: Ball
1-1: Swinging Strike
1-2: Ball
2-2: Ball
3-2: Ground out 4-3 (Groundball, 4, EV 82.5 MPH)
Batting: RHB Kelan Rae 0-0: Fly out, F8 (Flyball, 8RD, EV 103.8 MPH)
Bottom of the 7th over - 0 runs, 0 hits, 0 errors, 0 left on base; Roswell 1 - Madison 17
TOP OF THE 8TH
Roswell Invaders batting - Pitching for Madison Brewers : RHP Heraclio Sosa
Now at 1B: Jesus Huante
Now at 3B: Jelani Griffin
Pinch Hitting: LHB Falco van Koeveringe 0-0: Ball
1-0: Called Strike
1-1: Ball
2-1: Called Strike
2-2: Fly out, F9 (Flyball, 89S, EV 87.5 MPH)
Batting: LHB Ivan Cortez 0-0: Called Strike
0-1: Called Strike
0-2: Strikes out looking
Batting: LHB Angelo Lira 0-0: Ball
1-0: Foul Ball, location: 2F
1-1: Foul Ball, location: 2F
1-2: Strikes out looking
Top of the 8th over - 0 runs, 0 hits, 0 errors, 0 left on base; Roswell 1 - Madison 17
BOTTOM OF THE 8TH
Madison Brewers batting - Pitching for Roswell Invaders : RHP Erik Stegenga
Pitching: RHP Daryl Blair
Now at 2B: Carlos Gonzalez
Batting: LHB Andy Buschlen 0-0: Ball
1-0: Foul Ball, location: 2F
1-1: Swinging Strike
1-2: Fly out, F7 (Flyball, 7, EV 93.8 MPH)
Batting: LHB Jose Simental 0-0: Ground out 5-3 (Groundball, 56, EV 106.2 MPH)
Batting: LHB Bill Kovac 0-0: Ball
1-0: Swinging Strike
1-1: Foul Ball, location: 2F
1-2: Ball
2-2: Foul Ball, location: 2F
2-2: Foul Ball, location: 2F
2-2: Ball
3-2: Ground out U3 (Groundball, 3, EV 85.0 MPH)
Bottom of the 8th over - 0 runs, 0 hits, 0 errors, 0 left on base; Roswell 1 - Madison 17
TOP OF THE 9TH
Roswell Invaders batting - Pitching for Madison Brewers : RHP Heraclio Sosa
Batting: RHB Drew Sigona 0-0: Swinging Strike
0-1: Ball
1-1: Ball
2-1: Ball
3-1: Called Strike
3-2: Strikes out swinging
Pitching: RHP Dante Taylor
Pinch Hitting: RHB Homer Petropoulos 0-0: Fly out, F8 (Flyball, 8RD, EV 91.2 MPH)
Pinch Hitting: RHB Hidemitsu Matsuno 0-0: Swinging Strike
0-1: Ball
1-1: Ground out U3 (Groundball, 3S, EV 90.0 MPH)
Top of the 9th over - 0 runs, 0 hits, 0 errors, 0 left on base; Roswell 1 - Madison 17
Tuesday, March 28th , 2023 - OOTP Baseball 23.10 Build 110